 Dungeon Crawl Stone Soup version 0.17-a0-1485-g22cb0ee (webtiles) character file.

60 Fluffy the Chopper (level 4, 0/38 HPs)
             Began as a Hill Orc Gladiator on July 5, 2015.
             Slain by Grinder (6 damage)
             ... on level 3 of the Dungeon.
             The game lasted 00:02:44 (1711 turns).

Fluffy the Chopper (Hill Orc Gladiator)             Turns: 1711, Time: 00:02:44

Health: 0/38       AC:  9    Str: 23    XL:     4   Next: 6%
Magic:  4/4        EV:  9    Int: 10    God:
Gold:   92         SH:  0    Dex: 11    Spells: 0 memorised, 3 levels left

rFire  + . .     SeeInvis .     a - +0 war axe
rCold  x . .     Clarity  .     k - +0 chain mail
rNeg   . . .     SustAt   .     (no shield)
rPois  .         Gourm    .     c - +0 helmet
rElec  .         Spirit   .     (no cloak)
rCorr  .         Warding  .     (no gloves)
rMut   .         Stasis   .     (no boots)
MR     .....                    (no amulet)
Stlth  ..........               (no ring)
                                h - ring of fire

@: mighty, not resistant to hostile enchantments, extremely unstealthy
A: clever 1
a: no special abilities


You were on level 3 of the Dungeon.
You were not hungry.

You visited 1 branch of the dungeon, and saw 3 of its levels.

You collected 92 gold pieces.

Inventory:

Hand weapons
 a - a +0 war axe (weapon)
Missiles
 d - 3 throwing nets (quivered)
Armour
 c - a +0 helmet (worn)
 k - a +0 chain mail (worn)
Jewellery
 h - a ring of fire (left hand)
Scrolls
 b - 3 scrolls of remove curse {unknown}
 g - 5 scrolls of identify {unknown}
 j - a scroll of teleportation {unknown}
 n - 3 scrolls of immolation {unknown}
Potions
 l - a potion of flight {unknown}
 o - a potion of heal wounds {unknown}
 p - 2 potions of might
 q - a potion of magic {unknown}
Comestibles
 e - a bread ration
 i - 2 slices of pizza
 m - a royal jelly


   Skills:
 + Level 3.5 Fighting
 + Level 4.3 Axes
 - Level 2.0 Throwing
 + Level 1.5 Armour
 + Level 2.9 Dodging


You had 3 spell levels left.
You didn't know any spells.

Dungeon Overview and Level Annotations

Branches:
Dungeon (3/15)

Altars:
Ashenzari
Dithmenos
Gozag
Makhleb

Annotations:
D:3 Grinder


Innate Abilities, Weirdness & Mutations

Your mind is acute. (Int +2)


Message History

Grinder gestures at you.
You shrug off the repeated paralysis!
Grinder hits you.
You writhe in agony.
* * * LOW HITPOINT WARNING * * *
Grinder gestures at you.
You shrug off the repeated paralysis!
You can move again.
Drink which item? (? for menu, Esc to quit)
It was a potion of might.
You feel very mighty all of a sudden. Grinder barely misses you.
You barely miss Grinder. Grinder hits you.
* * * LOW HITPOINT WARNING * * *
You writhe in agony.
* * * LOW HITPOINT WARNING * * *
Drink which item? (? for menu, Esc to quit)
It was a potion of beneficial mutation.
You feel clever.
You feel fantastic! Grinder hits you.
You die...

.≈≈≈≈≈≈%?5.............#
≈≈≈≈≈≈≈≈P##.........######
≈≈≈≈≈≈≈≈..+.............>#
≈≈≈≈≈≈≈(.##.........####.#
♣≈≈≈≈≈≈P.##.........#
..≈≈≈≈..P##.........#
...≈≈.P.P##.........#
P.......5##......>..#
....####.@.......)..# ...
############.# ## #.#
#######.# #.......#
#.####### ###.#######.#
####...........#
.......<...####


You could see Grinder.

Vanquished Creatures
  Robin (D:3)
  An adder (D:3)
  An ooze (D:2)
  2 worms
  2 giant cockroaches (D:1)
  5 hobgoblins
  4 bats
  A giant newt (D:3)
  10 goblins
  3 kobolds
  4 rats
34 creatures vanquished.

Notes
Turn   | Place    | Note
--------------------------------------------------------------
     0 | D:1      | Fluffy the Hill Orc Gladiator began the quest for the Orb.
     0 | D:1      | Reached XP level 1. HP: 18/18 MP: 1/1
   407 | D:1      | Reached XP level 2. HP: 25/25 MP: 2/2
   422 | D:1      | Found a shattered altar of Ashenzari.
   473 | D:1      | Reached skill level 1 in Armour
  1311 | D:2      | Reached XP level 3. HP: 28/31 MP: 3/3
  1390 | D:2      | Found a burning altar of Makhleb.
  1390 | D:2      | Found an opulent altar of Gozag.
  1391 | D:2      | Found a shadowy altar of Dithmenos.
  1556 | D:3      | Noticed Robin
  1571 | D:3      | Killed Robin
  1647 | D:3      | Reached XP level 4. HP: 38/38 MP: 4/4
  1690 | D:3      | Noticed Grinder
  1704 | D:3      | Paralysed by Grinder for 5 turns
  1711 | D:3      | Gained mutation: Your mind is acute. (Int +2) [potion of beneficial mutation]
  1711 | D:3      | Slain by Grinder

Vault maps used:
D:1:      dpeg_arrival_rooms_c, evilmike_ruin_ashenzari
D:2:      nicolae_overflow_hidden_temple, lemuel_old_faithful
D:3:      first_bread, guppyfry_early_lair_pool, uniq_grinder, uniq_robin

Action                   |  1- 3 |  4- 6 || total
-------------------------+-------+-------++-------
Melee: War axe           |    94 |    15 ||   109
  Use: Potion            |       |     2 ||     2
  Eat: Chunk             |     2 |     1 ||     3
